 Dungeon Crawl Stone Soup version 0.29.0-13-gc9e81de378 (webtiles) character file.

Game seed: 15628524847912171025

3193 Zeus21348 the Spear-Bearer (level 9, -7/78 HPs)
             Began as a Hill Orc Fighter on Sept 10, 2022.
             Was a Believer of Beogh.
             Mangled by a two-headed ogre
             ... wielding a +0 giant spiked club
              (8 damage)
             ... on level 8 of the Dungeon.
             The game lasted 00:08:53 (8450 turns).

Zeus21348 the Spear-Bearer (Hill Orc Fighter)       Turns: 8450, Time: 00:08:54

Health: -7/78      AC: 18    Str: 19    XL:     9   Next: 96%
Magic:  11/11      EV:  5    Int: 12    God:    Beogh [**....]
Gold:   334        SH:  6    Dex: 10    Spells: 8/8 levels left

rFire   . . .      SeeInvis +   d - +1 demon trident (venom)
rCold   . . .      Faith    +   c - +1 buckler
rNeg    . . .      Spirit   .   l - +0 plate armour
rPois   .          Reflect  .   (no helmet)
rElec   .          Harm     .   g - +0 cloak
rCorr   .          Rampage  .   (no gloves)
Will    .....                   (no boots)
Stlth   ..........              b - amulet of faith
HPRegen 0.23/turn               n - ring of see invisible
MPRegen 0.12/turn               A - +4 ring of protection

@: invisible
A: no striking features
a: Renounce Religion, Smiting


You were on level 8 of the Dungeon.
You worshipped Beogh.
Beogh was pleased with you.
You visited 1 branch of the dungeon, and saw 8 of its levels.

You collected 334 gold pieces.

Inventory:

Hand Weapons
 a - a +0 war axe of protection
 d - a +1 demon trident of venom (weapon)
Armour
 c - a +1 buckler (worn)
 g - a +0 cloak (worn)
 l - a +0 plate armour (worn)
Jewellery
 b - an amulet of faith (around neck)
 f - an amulet of magic regeneration
 i - a ring of positive energy
 n - a ring of see invisible (left hand)
 u - an amulet of guardian spirit
 A - a +4 ring of protection (right hand)
Wands
 y - a wand of flame (15)
Scrolls
 h - 2 scrolls of amnesia
 j - 4 scrolls of identify
 o - a scroll of teleportation
 z - a scroll of immolation {unknown}
 C - a scroll of acquirement
 D - a scroll of magic mapping {unknown}
 E - a scroll of summoning {unknown}
Potions
 k - 2 potions of lignification
 m - 3 potions of brilliance {unknown}
 p - a potion of attraction {unknown}
 q - 2 potions of mutation
 r - a potion of ambrosia
 t - 3 potions of degeneration
 v - a potion of flight
 w - 4 potions of curing
 x - 2 potions of might
 B - a potion of berserk rage


   Skills:
 + Level 6.6 Fighting
 - Level 6.1(10.2) Axes
 * Level 10.8(11.2) Polearms
 + Level 6.0 Armour
 * Level 5.5 Shields
 * Level 3.6 Invocations


You had 8 spell levels left.
You didn't know any spells.
Your spell library contained the following spells:

 Spells                   Type           Power      Damage    Failure   Level
 Magic Dart               Conj           0%         1d3       100%        1
 Searing Ray              Conj           0%         2d4       100%        2
 Fulminant Prism          Conj/Hex       0%         3d6       100%        4


Dungeon Overview and Level Annotations

Branches:
Dungeon (8/15)             Temple (0/1) D:4
   Lair: D:8-11

Altars:
Ashenzari
Cheibriados
Dithmenos
Elyvilon
Ru
Vehumet

Shops:
D:3 !


Message History

The two-headed ogre is moderately wounded.
The two-headed ogre attacks as you move away!
The two-headed ogre hits you with a +0 giant spiked club!
The two-headed ogre hits you with a +0 giant club!!
Reach: d) +1 demon trident (venom)
Press: ? - help, Dir - move target, f/p - two-headed ogre
Aim: a two-headed ogre, wielding a +0 giant spiked club and a +0 giant club (moderately wounded, very poisoned, about 22% to evade your +1 demon trident of venom)
You reach to attack!
You completely miss the two-headed ogre.
The two-headed ogre is moderately wounded.
The two-headed ogre attacks as you move away!
The two-headed ogre hits you with a +0 giant spiked club!
The two-headed ogre hits you with a +0 giant club.
The two-headed ogre looks more healthy.
Reach: d) +1 demon trident (venom)
Press: ? - help, Dir - move target, f/p - two-headed ogre
Aim: a two-headed ogre, wielding a +0 giant spiked club and a +0 giant club (moderately wounded, about 22% to evade your +1 demon trident of venom)
You reach to attack!
You completely miss the two-headed ogre.
The two-headed ogre is moderately wounded.
The two-headed ogre attacks as you move away!
The two-headed ogre hits you with a +0 giant spiked club!
The two-headed ogre hits you with a +0 giant club!
* * * LOW HITPOINT WARNING * * *
You feel much better. You block the two-headed ogre's attack.
The two-headed ogre hits you with a +0 giant club!
You hit the two-headed ogre.
The two-headed ogre is poisoned.
The two-headed ogre is moderately wounded.
You puncture the two-headed ogre!
The two-headed ogre looks even sicker.
The two-headed ogre is severely wounded.
The two-headed ogre hits you with a +0 giant spiked club!
* * * LOW HITPOINT WARNING * * *
The two-headed ogre hits you with a +0 giant club!
* * * LOW HITPOINT WARNING * * *
You feel much better.
You fade into invisibility!
The two-headed ogre hits you with a +0 giant spiked club!
* * * LOW HITPOINT WARNING * * *
The two-headed ogre hits you with a +0 giant club!
You die...

..##.# #.# #..<.......
#.##.# #.# #.#########
#.##.# #.# #.# #.##.# #.#
#.# #.#####.##.# #.# ##.##
#..........# #.###.#.##
#######.####
#.##.###.########
#.#########.#.## ##........
#........O@....###.########
###########.....#.##
######.## ###


You could see a two-headed ogre (unable to see you, very poisoned).

Vanquished Creatures
  A wyvern (D:4)
  3 yaks (D:8)
  2 water moccasins
  2 sky beasts (D:6)
  2 ice beasts
  2 black bears
  3 centaurs
  3 ogres
  2 phantoms
  5 bullfrogs
  3 kobold brigands
  3 scorpions
  A howler monkey (D:6)
  3 jellies
  2 hounds
  3 iguanas
  Jessica (D:3)
  An orc wizard (D:4)
  A mummy (D:3)
  4 gnolls (D:2)
  4 adders
  A shadow imp (D:7)
  A white imp (D:5)
  4 worms
  4 dart slugs
  6 orcs
  3 bats
  8 endoplasms
  4 giant cockroaches
  8 goblins
  10 hobgoblins
  2 jackals (D:1)
  22 kobolds
  3 quokkas
  4 ball pythons (D:3)
  3 frilled lizards
  5 rats
  3 toadstools (D:1)
142 creatures vanquished.

Vanquished Creatures (others)
  An endoplasm (D:4)
  A goblin (D:4)
  A toadstool (D:1)
3 creatures vanquished.

Grand Total: 145 creatures vanquished

Notes
Turn   | Place    | Note
-------+----------+-------------------------------------------
     0 | D:1      | Zeus21348 the Hill Orc Fighter began the quest for the Orb.
     0 | D:1      | Reached XP level 1. HP: 19/19 MP: 1/1
   166 | D:1      | Reached XP level 2. HP: 27/27 MP: 2/2
   779 | D:1      | Reached XP level 3. HP: 33/33 MP: 3/3
   977 | D:2      | Identified the +6 short sword "Impbane" {vorpal, Int+2}
  1896 | D:2      | Reached XP level 4. HP: 40/40 MP: 4/4
  2180 | D:3      | Noticed a water moccasin
  2216 | D:3      | Killed a water moccasin
  2217 | D:3      | Reached XP level 5. HP: 22/46 MP: 5/5
  2480 | D:3      | Found a white marble altar of Elyvilon.
  2532 | D:3      | Noticed Jessica
  2537 | D:3      | Killed Jessica
  2538 | D:3      | Reached skill level 1 in Polearms
  2538 | D:3      | Reached XP level 6. HP: 53/53 MP: 6/6
  2538 | D:3      | Found a shadowy altar of Dithmenos.
  2581 | D:3      | Found a faded altar of an unknown god.
  2856 | D:3      | Found Nomu's Distillery.
  2871 | D:3      | Found a snail-covered altar of Cheibriados.
  3194 | D:3      | Identified a scroll of acquirement
  3194 | D:3      | Acquired an amulet of faith
  3249 | D:4      | Reached skill level 2 in Polearms
  3476 | D:4      | Noticed a black bear
  3484 | D:4      | Killed a black bear
  3485 | D:4      | Reached skill level 3 in Polearms
  3623 | D:4      | Found a staircase to the Ecumenical Temple.
  3644 | D:4      | Reached skill level 4 in Polearms
  3644 | D:4      | Reached XP level 7. HP: 25/60 MP: 7/7
  4006 | D:4      | Became a worshipper of Beogh the Brigand
  4282 | D:4      | Noticed a wyvern
  4287 | D:4      | Reached skill level 5 in Polearms
  4296 | D:4      | Killed a wyvern
  4297 | D:4      | Reached skill level 5 in Fighting
  4297 | D:4      | Reached skill level 6 in Polearms
  4297 | D:4      | Reached XP level 8. HP: 28/68 MP: 8/8
  4874 | D:5      | Entered Level 5 of the Dungeon
  4987 | D:5      | Reached * piety under Beogh
  5023 | D:4      | Reached skill level 5 in Armour
  5445 | D:5      | Reached skill level 7 in Polearms
  5920 | D:5      | Found a radiant altar of Vehumet.
  6264 | D:5      | Reached skill level 8 in Polearms
  6905 | D:6      | Reached skill level 1 in Invocations
  6905 | D:6      | Reached XP level 9. HP: 71/75 MP: 9/9
  6992 | D:6      | Reached skill level 9 in Polearms
  7136 | D:6      | Reached skill level 5 in Shields
  7332 | D:6      | Found a sacrificial altar of Ru.
  7547 | D:6      | Identified the +0 leather armour "Catodad" {Drain Will+
                  | Int+4}
  7644 | D:7      | Found a broken altar of Ashenzari.
  7695 | D:7      | Reached ** piety under Beogh
  7696 | D:7      | Reached skill level 10 in Polearms
  8259 | D:8      | Noticed a two-headed ogre
  8448 | D:8      | HP: 2/78 [two-headed ogre/+0 giant spiked club (15)]
  8450 | D:8      | Mangled by a two-headed ogre

Illustrated notes

Levels and vault maps discovered:
D:1:      ldierk_water_garden, layout_rooms
D:2:      layout_basic
D:3:      layout_basic, elyvilon_altar_5, nicolae_dithmenos_shadow_blocks,
          slow_altar_1, nicolae_ecumenical_snake_handling, serial_shops, shop,
          uniq_jessica
D:4:      layout_rooms, minmay_temple_entry_mist, minmay_divided_ellipse
D:5:      layout_basic, vehumet_crystals
D:6:      layout_basic, kennysheep_little_box, hangedman_decor_diamond_cutter,
          minmay_strange_pillars
D:7:      layout_cave_pools, cheibrodos_ashenzari_chains
D:8:      layout_loops_ring, nemelex_spade_bored_becter

Skill      XL: |  1  2  3  4  5  6  7  8  9 |
---------------+----------------------------+-----
Axes           | 3 4 6 |  6.1
Fighting       | 4 5 6 |  6.6
Armour         | 4 5 6 |  6.0
Polearms       | 1 4 6 8 10 | 10.8
Shields        | 4 5 |  5.5
Invocations    | 1 3 |  3.6

Action                   |  1- 3 |  4- 6 |  7- 9 || total
-------------------------+-------+-------+-------++-------
Melee: War axe           |    86 |    45 |       ||   131
       Demon trident     |       |    81 |   243 ||   324
Invok: Convert to Beogh  |       |       |     1 ||     1
Evoke: Wand              |       |       |     6 ||     6
  Use: Potion            |     1 |     5 |     5 ||    11
       Scroll            |       |    11 |     2 ||    13
Armor: Scale mail        |    17 |       |       ||    17
       Chain mail        |    31 |    30 |       ||    61
       Skin              |       |    22 |     2 ||    24
       Plate armour      |       |    13 |    94 ||   107
Dodge: Dodged            |    32 |    29 |    42 ||   103
Block: Buckler           |    21 |    22 |    44 ||    87
